 Dungeon Crawl Stone Soup version 0.28.0-53-g5a82cb258f (webtiles) character file.

Game seed: 1956009412265117430

5 DemonSlayer the Firebug (level 1, 0/13 HPs)
             Began as a Demonspawn Fire Elementalist on July 21, 2022.
             Slain by an orc
             ... wielding a +0 short sword
              (4 damage)
             ... on level 2 of the Dungeon.
             The game lasted 00:01:31 (331 turns).

DemonSlayer the Firebug (DsFE)                       Turns: 331, Time: 00:01:32

Health: 0/13       AC:  2    Str:  8    XL:     1   Next: 66%
Magic:  0/3        EV: 12    Int: 16    God:
Gold:   0          SH:  0    Dex: 13    Spells: 3/4 levels left

rFire   . . .      SeeInvis .   (no weapon)
rCold   . . .      Faith    .   (no shield)
rNeg    . . .      Spirit   .   a - +0 robe
rPois   .          Reflect  .   (no helmet)
rElec   .          Harm     .   (no cloak)
rCorr   .          Rampage  .   (no gloves)
Will    .....                   (no boots)
Stlth   ++........              (no amulet)
HPRegen 0.04/turn               (no ring)
MPRegen 0.08/turn               (no ring)

@: no status effects
A: no striking features
a: no special abilities


You were on level 2 of the Dungeon.
You visited 1 branch of the dungeon, and saw 2 of its levels.

Inventory:

Armour
 a - a +0 robe (worn)


   Skills:
 + Level 1.9 Dodging
 + Level 1.7 Stealth
 + Level 2.1 Spellcasting
 + Level 1.0 Conjurations
 + Level 2.9 Fire Magic


You had 3 spell levels left.
You knew the following spells:

 Your Spells              Type           Power      Damage    Failure   Level
a - Foxfire               Conj/Fire      28%        2x1d5     10%         1

Your spell library contained the following spells:

 Spells                   Type           Power      Damage    Failure   Level
 Scorch                   Fire           22%        2d6       10%         2
 Conjure Flame            Conj/Fire      7%         6-21      28%         3
 Inner Flame              Hex/Fire       6%         N/A       34%         3
 Flame Wave               Conj/Fire      7%         2d5       67%         4


Dungeon Overview and Level Annotations

Branches:
Dungeon (2/15)

Altars:


Message History

The endoplasm hits you but does no damage.
The dart slug completely misses you. The hobgoblin closely misses you.
The dart slug launches a dart at you. The slug dart misses you.
The endoplasm freezes you.
You are frozen.
There is an open door here.
Found a stone staircase leading down.
There is a stone staircase leading down here.
You climb downwards.
Found 4 gold pieces, 2 black potions and a weird jewelled staff.
Found a stone staircase leading down and a stone staircase leading up.
There is a stone staircase leading up here.
An orc comes into view. It is wielding a +0 short sword.
An orc is nearby!
The orc shouts!
You hear a shout!
An adder comes into view.
You conjure some foxfire!
The adder bites you but does no damage.
You conjure some foxfire!
The foxfire hits the adder.
The adder is lightly wounded.
The foxfire hits the adder.
The adder is lightly wounded.
The adder barely misses you.
You conjure some foxfire!
The adder closely misses you.
You are too depleted to draw on your mana recklessly!
Your foxfire dissipates!
An orc priest comes into view. It is wielding a +0 hand axe.
Found a golden potion.
The foxfire hits the adder.
The adder is moderately wounded.
The foxfire hits the adder.
The adder is heavily wounded.
The adder bites you.
There is a stone staircase leading up here.
The adder barely misses you. x2
You climb upwards.
The ball python hisses angrily.
There is a stone staircase leading down here.
The adder closely misses you.
You climb downwards.
The orc hits you with a +0 short sword.
You die...

##.. #.# .. #... ...
.# #... #.# .#
#.#.##.###.#
..........#
######.##.##..######
..............!.....
#.#######.#.##..######
.......@S.>.o.<..$....
#.!.###o#.#o####.#####
. #.#.#.# .o| #.#.#.#
### #.#.#.# #.#.#.#
#.#.# #.#.#


You could see an orc priest (wandering), an adder and 2 orcs.

Vanquished Creatures
  2 bats (D:1)
  A goblin (D:1)
  A quokka (D:1)
  A rat (D:1)
5 creatures vanquished.

Vanquished Creatures (others)
  26 foxfires
26 creatures vanquished.

Grand Total: 31 creatures vanquished

Notes
Turn   | Place    | Note
-------+----------+-------------------------------------------
     0 | D:1      | DemonSlayer the Demonspawn Fire Elementalist began the
                  | quest for the Orb.
     0 | D:1      | Reached XP level 1. HP: 13/13 MP: 3/3
   325 | D:2      | Noticed an orc priest
   331 | D:2      | Slain by an orc

Illustrated notes

Levels and vault maps discovered:
D:1:      ncdulo_lavacross, layout_basic, serial_rivers,
          chequers_serial_rivers_micro_e, chequers_serial_rivers_room_b,
          chequers_serial_rivers_room_a, chequers_serial_rivers_micro_a,
          chequers_serial_rivers_room_a, nrook_uturn, dk_noncrumbling_4,
          minmay_split_cup_small
D:2:      cheibrodos_greedy_goblins, layout_basic, uniq_crazy_yiuf_cottage,
          uniq_jessica, uniq_natasha

Action                   || total
-------------------------++-------
Melee: Unarmed           ||     4
 Cast: Foxfire           ||    15
Armor: Robe              ||     3
Dodge: Dodged            ||    18
